 Dungeon Crawl Stone Soup version 0.29.1-15-g9cfb28693d (webtiles) character file.

Game seed: 8860774056036871950

89 H0rd4k the Charlatan (level 4, -1/30 HPs)
             Began as an Octopode Artificer on Mar 3, 2023.
             Succumbed to a scorpion's poison
             ... on level 4 of the Dungeon.
             The game lasted 00:01:54 (3540 turns).

H0rd4k the Charlatan (Octopode Artificer)           Turns: 3540, Time: 00:01:54

Health: -1/30      AC:  1    Str: 11    XL:     4   Next: 55%
Magic:  6/6        EV: 13    Int: 15    God:
Gold:   114        SH:  0    Dex: 12    Spells: 6/6 levels left

rFire   . . .      SeeInvis .     - Unarmed
rCold   . . .      Faith    .   (no shield)
rNeg    . . .      Spirit   .   (helmet restricted)
rPois   .          Reflect  .   (no amulet)
rElec   .          Harm     .   (no ring)
rCorr   .          Rampage  .   (no ring)
Will    .....                   (no ring)
Stlth   +++.......              (no ring)
HPRegen 0.10/turn               (no ring)
MPRegen 0.10/turn               (no ring)
                                (no ring)
                                (no ring)

@: lethally poisoned (-1 -> -16)
A: almost no armour, amphibious, 8 rings, camouflage 1, gelatinous body 1,
(nimble swimmer 1), tentacles
a: no special abilities


You were on level 4 of the Dungeon.
You visited 1 branch of the dungeon, and saw 4 of its levels.

You collected 114 gold pieces.

Inventory:

Missiles
 h - 8 poisoned darts
Jewellery
 a - a ring of protection from fire
Wands
 b - a wand of flame (15) (quivered)
 c - a wand of charming (13)
 d - a wand of iceblast (13)
Scrolls
 i - 2 scrolls of identify {unknown}
 k - a scroll of magic mapping {unknown}
 l - 2 scrolls of vulnerability {unknown}
 n - a scroll of enchant weapon {unknown}
 o - a scroll of teleportation {unknown}
Potions
 e - 3 potions of invisibility {unknown}
 f - a potion of haste {unknown}
 g - a potion of flight {unknown}
 j - 2 potions of berserk rage {unknown}
 m - a potion of brilliance {unknown}
 p - a potion of might {unknown}


   Skills:
 * Level 2.6 Fighting
 - Level 2.3 Dodging
 - Level 1.3 Stealth
 + Level 2.0 Unarmed Combat
 * Level 1.8 Spellcasting
 - Level 3.2 Evocations


You had 6 spell levels left.
You didn't know any spells.
Your spell library contained the following spells:

 Spells                   Type           Power      Damage    Failure   Level
 Scorch                   Fire           2%         2d5       34%         2
 Flame Wave               Conj/Fire      1%         2d4       92%         4
 Summon Cactus Giant      Summ           0%         N/A       100%        6


Dungeon Overview and Level Annotations

Branches:
Dungeon (4/15)
 Temple: D:4-7

Altars:
Dithmenos
Elyvilon

Shops:
D:2 [*[(


Innate Abilities, Weirdness & Mutations

You cannot wear most types of armour.
You are amphibious.
You can wear up to eight rings at the same time.
Your skin changes colour to match your surroundings (Stealth+).
Your rubbery body absorbs attacks. (AC +1, EV +1)
((You are camouflaged when in or above water. (Stealth+)))
You have tentacles for arms and can constrict up to eight enemies at once.


Message History

You closely miss the scorpion. Your grab misses the scorpion.
You squeeze the scorpion, but do no damage.
You feel sick. The scorpion closely misses you.
You tentacle-slap the scorpion but do no damage.
Your grab misses the scorpion.
You squeeze the scorpion, but do no damage.
You feel sick.
The scorpion stings you but does no damage.
The scorpion misses you.
You tentacle-slap the scorpion. Your grab misses the scorpion.
You squeeze the scorpion.
The scorpion is heavily wounded.
You feel sick. The scorpion stings you.
You are lethally poisoned!
The scorpion poisons you!
You tentacle-slap the scorpion. Your grab misses the scorpion.
The scorpion is heavily wounded.
You feel very sick. The scorpion barely misses you.
You tentacle-slap the scorpion but do no damage.
Your grab misses the scorpion. Your squeeze misses the scorpion.
The scorpion is heavily wounded.
* * * LOW HITPOINT WARNING * * *
You feel very sick. The scorpion stings you.
* * * LOW HITPOINT WARNING * * *
You are more poisoned.
The scorpion poisons you!
Aiming: Charm
Press: ? - help, Shift-Dir - straight line, f - scorpion
Aim: a scorpion (heavily wounded, chance to affect: 57%)
The scorpion resists with significant effort.
* * * LOW HITPOINT WARNING * * *
You feel very sick.
The scorpion stings you but does no damage.
Aiming: Charm
Press: ? - help, Shift-Dir - straight line, f/p - scorpion
Aim: a scorpion (heavily wounded, chance to affect: 57%)
The scorpion resists with significant effort.
You die...

#.# ##.# #..?
#..# #..# #..#
#.#####..####.#.
#......<@.......
######...s....#.
##.###..... ...
.... #### ###


You could see a scorpion.

Vanquished Creatures
  An adder (D:3)
  A worm (D:3)
  3 dart slugs
  10 orcs (D:3)
  2 ball pythons
  9 bats
  5 endoplasms
  4 giant cockroaches
  5 goblins
  2 hobgoblins
  2 jackals (D:1)
  2 quokkas (D:1)
  2 frilled lizards (D:1)
  4 kobolds
  4 rats
56 creatures vanquished.

Notes
Turn   | Place    | Note
-------+----------+-------------------------------------------
     0 | D:1      | H0rd4k the Octopode Artificer began the quest for the Orb.
     0 | D:1      | Reached XP level 1. HP: 13/13 MP: 1/1
   315 | D:1      | Reached XP level 2. HP: 19/19 MP: 2/2
   686 | D:1      | Reached skill level 1 in Spellcasting
   748 | D:1      | Reached XP level 3. HP: 19/24 MP: 4/4
  1383 | D:2      | Found Jitwitot's Antique Weapon Shoppe.
  1409 | D:2      | Found Koamug's Antique Armour Emporium.
  1432 | D:2      | Reached skill level 1 in Unarmed Combat
  1686 | D:2      | Found Dydos's General Store.
  1880 | D:2      | Found Boube's Armour Boutique.
  2031 | D:2      | Found a faded altar of an unknown god.
  2477 | D:3      | Found a white marble altar of Elyvilon.
  2715 | D:3      | Reached XP level 4. HP: 22/30 MP: 6/6
  3031 | D:3      | Found a shadowy altar of Dithmenos.
  3529 | D:4      | Noticed a scorpion
  3540 | D:4      | Succumbed to a scorpion's poison

Illustrated notes

Levels and vault maps discovered:
D:1:      lightli_arrival_statue_moat, layout_basic
D:2:      layout_basic, shapermc_ecumenical_altar_hornbeckon, serial_shops,
          shop, nicolae_shop_trees, nicolae_shop_hallway_plus, shop,
          chequers_decorated_corner
D:3:      layout_basic, nicolae_dithmenos_shadow_blocks, elyvilon_altar_5
D:4:      layout_basic, zin_scriptorium, mainiacjoe_overflow_paths

Skill      XL: |  1  2  3  4 |
---------------+-------------+-----
Fighting       | 2 |  2.6
Spellcasting   | 1 |  1.8
Unarmed Combat | 1 2 |  2.0
Dodging        | |  2.3
Stealth        | |  1.3
Evocations     | |  3.2

Action                   |  1- 3 |  4- 6 || total
-------------------------+-------+-------++-------
Melee: Unarmed           |    88 |    47 ||   135
       Constrict         |    29 |    12 ||    41
       Tentacles         |    28 |     8 ||    36
Evoke: Wand              |       |     2 ||     2
 Stab: Sleeping          |    12 |     2 ||    14
       Distracted        |     1 |       ||     1
Armor: Skin              |     6 |     3 ||     9
Dodge: Dodged            |    41 |    26 ||    67
